 Dungeon Crawl Stone Soup version 0.31.0-11-ge490571c62 (webtiles) character file.

Game seed: 1319682227819178282

133 DemonSlayer the Digger (level 4, -3/30 HPs)
             Began as a Demonspawn Earth Elementalist on Jan 30, 2024.
             Slain by an orc
             ... wielding a +0 short sword
              (4 damage)
             ... on level 3 of the Dungeon.
             The game lasted 00:04:46 (2583 turns).

DemonSlayer the Digger (DsEE)                       Turns: 2583, Time: 00:04:47

Health: -3/30      AC:  2    Str:  8    XL:     4   Next: 93%
Magic:  4/9        EV: 12    Int: 15    God:
Gold:   93         SH:  0    Dex: 16    Spells: 6/10 levels left

rFire   . . .        b - +0 short sword
rCold   . . .        (no shield)
rNeg    . . .        a - +0 robe
rPois   .            (no helmet)
rElec   .            (no cloak)
rCorr   .            (no gloves)
SInv    .            (no boots)
Will    .....        (no amulet)
Stlth   ++           (no ring)
HPRegen 0.25/turn    (no ring)
MPRegen 0.22/turn

%: no passive effects
@: no status effects
A: claws 1, magic regeneration, weakness stinger 1
a: no special abilities


You were on level 3 of the Dungeon.
You visited 1 branch of the dungeon, and saw 3 of its levels.

You collected 93 gold pieces.

Inventory:

Hand Weapons
 b - a +0 short sword (weapon)
Armour
 a - a +0 robe (worn)
Scrolls
 e - 3 scrolls of teleportation {unknown}
 f - 3 scrolls of identify {unknown}
 g - 3 scrolls of fear {unknown}
 j - a scroll of summoning {unknown}
Potions
 c - 2 potions of berserk rage {unknown}
 d - a potion of brilliance {unknown}
 h - a potion of ambrosia {unknown}
 i - a potion of heal wounds {unknown}
 k - a potion of might {unknown}
 l - a potion of mutation {unknown}
 m - a potion of curing {unknown}


   Skills:
 + Level 0.1 Fighting
 + Level 0.8 Short Blades
 + Level 1.9 Dodging
 + Level 2.0 Stealth
 + Level 3.6 Spellcasting
 + Level 1.0 Conjurations
 + Level 3.7 Earth Magic


You had 6 spell levels left.
You knew the following spells:

 Your Spells              Type           Power      Damage    Failure   Level
a - Sandblast             Erth           26%        2d8       4%          1
b - Stone Arrow           Conj/Erth      18%        3d8       22%         3

Your spell library contained the following spells:

 Spells                   Type           Power      Damage    Failure   Level
 Passwall                 Erth           13%        N/A       12%         3
 Summon Small Mammal      Summ           8%         N/A       19%         1
 Call Canine Familiar     Summ           2%         N/A       50%         3
 Brom's Barrelling Bould  Conj/Erth      9%         2d3       56%         4
 Petrify                  Alch/Erth      8%         N/A       65%         4
 Summon Blazeheart Golem  Fire/Summ      2%         N/A       88%         4


Dungeon Overview and Level Annotations

Branches:
Dungeon (3/15)

Altars:

Shops:
D:3 [


Innate Abilities, Weirdness & Mutations

You have sharp fingernails.
You regenerate magic rapidly.
You have a small tail.


Message History

The orc is almost dead.
The orc hits you with a +0 short sword. The orc closely misses you.
You are too injured to fight recklessly!
You are too injured to fight recklessly!
You are too injured to fight recklessly!
You are too injured to fight recklessly!
Casting: Sandblast (safe; 4% risk of failure)
Confirm with . or Enter, or press ? or * to list all spells.
Aiming: Sandblast (safe; 4% risk of failure)
Press: ? - help, Shift-Dir - straight line, f/p - orc
Aim: an orc, wielding a +0 hand axe and wearing a +0 chain mail (almost dead, 87% to hit)
The blast of sand misses the orc.
The orc hits you with a +0 short sword. The orc hits you with a +0 hand axe.
* * * LOW HITPOINT WARNING * * *
The orc barely misses you. The orc closely misses you.
Unknown command.
Casting: Sandblast (safe; 4% risk of failure)
Confirm with . or Enter, or press ? or * to list all spells.
Aiming: Sandblast (safe; 4% risk of failure)
Press: ? - help, Shift-Dir - straight line, f/p - orc
Aim: an orc, wielding a +0 hand axe and wearing a +0 chain mail (almost dead, 87% to hit)
The blast of sand hits the orc but does no damage.
The orc is almost dead.
The orc hits you with a +0 short sword.
* * * LOW HITPOINT WARNING * * *
The orc barely misses you.
Unknown command.
Casting: Sandblast (safe; 4% risk of failure)
Confirm with . or Enter, or press ? or * to list all spells.
You don't know that spell.
Unknown command.
Casting: Sandblast (safe; 4% risk of failure)
Confirm with . or Enter, or press ? or * to list all spells.
Aiming: Sandblast (safe; 4% risk of failure)
Press: ? - help, Shift-Dir - straight line, f/p - orc
Aim: an orc, wielding a +0 hand axe and wearing a +0 chain mail (almost dead, 87% to hit)
The blast of sand hits the orc.
You kill the orc!
The orc hits you but does no damage. The orc hits you with a +0 short sword.
You die...

## ..# ######## #.#
#......# ##### #.#
#......# #...# #.#
#......# ....###.#
#.∩....# ###.....###
#......#
..........######......#
........#....(.o@.....#
.............###)..####
.............#...###
.....##.#B.....###
.#..........####
##..........#
#...B##.#......
.....##.#......
##...##.#.......


You could see an orc.

Vanquished Creatures
  3 gnolls (D:2)
  3 adders
  2 dart slugs (D:2)
  2 ribbon worms (D:2)
  4 orcs
  6 ball pythons
  4 bats
  3 endoplasms (D:2)
  3 giant cockroaches
  3 goblins (D:1)
  8 hobgoblins
  5 jackals
  9 kobolds
  A quokka (D:2)
  6 frilled lizards
  2 rats (D:1)
64 creatures vanquished.

Notes
Turn   | Place    | Note
-------+----------+-------------------------------------------
     0 | D:1      | DemonSlayer the Demonspawn Earth Elementalist began the
                  | quest for the Orb.
     0 | D:1      | Reached XP level 1. HP: 13/13 MP: 3/3
   158 | D:1      | Discovered your monstrous ancestry.
   158 | D:1      | Gained mutation: You have a small tail. [demonic ancestry]
   158 | D:1      | Reached XP level 2. HP: 19/19 MP: 3/5
  1025 | D:2      | Gained mutation: You have sharp fingernails. [demonic
                  | ancestry]
  1025 | D:2      | Reached XP level 3. HP: 14/24 MP: 4/7
  1843 | D:2      | Gained mutation: You regenerate magic rapidly. [demonic
                  | ancestry]
  1843 | D:2      | Reached XP level 4. HP: 30/30 MP: 4/8
  2280 | D:3      | Found Ximoj's Antique Armour Boutique.
  2301 | D:3      | Learned a level 3 spell: Stone Arrow
  2582 | D:3      | HP: 1/30 [orc/+0 short sword (3)]
  2583 | D:3      | Slain by an orc

Illustrated notes

Levels and vault maps discovered:
D:1:      nicolae_arrival_somewhat_less_tricky_arrival, layout_loops_cross,
          amcnicky_mini_rare_corridor_liquid, hangedman_decor_points
D:2:      wad_river_or_something, layout_loops_corners
D:3:      layout_rooms, mainiacjoe_overflow_concentric_impassable,
          mainiacjoe_overflow_two_lobes, serial_shops, shop,
          gammafunk_ghost_necromancy

Skill      XL: |  1  2  3 |
---------------+----------+-----
Earth Magic    | 3 |  3.7
Stealth        | 2 |  2.0
Spellcasting   | 3 |  3.6
Fighting       | |  0.1
Short Blades   | |  0.8
Dodging        | |  1.9
Conjurations   | |  1.0

Action                     |  1- 3 |  4- 6 || total
---------------------------+-------+-------++-------
  Melee: Unarmed           |     1 |       ||     1
         Short sword       |    22 |    14 ||    36
         Tailslap          |     4 |     1 ||     5
   Cast: Sandblast         |    59 |    48 ||   107
    Use: Potion            |     1 |       ||     1
 Armour: Robe              |    30 |    53 ||    83
  Dodge: Dodged            |    38 |    56 ||    94
